 Dungeon Crawl Stone Soup version 0.30.0-10-gfe55d96785 (webtiles) character file.

Game seed: 11457126509051673753

57710 qw the Severer (level 14, -11/90 HPs)
             Began as a Gargoyle Fighter on May 13, 2023.
             Was an Elder of Okawaru.
             Mangled by a hog (14 damage)
             ... led by Kirke
             ... on level 12 of the Dungeon.
             The game lasted 00:08:49 (16617 turns).

qw the Severer (Gargoyle Fighter)                  Turns: 16617, Time: 00:08:50

Health: -11/90     AC:  0    Str: 25    XL:     14   Next: 87%
Magic:  21/21      EV: 16    Int:  9    God:    Okawaru [****..]
Gold:   1451       SH:  0    Dex:  9    Spells: 13/13 levels left

rFire   . . .        Y - melded +2 broad axe
rCold   . . .        a - melded +0 kite shield
rNeg    + . .        v - melded +1 plate armour
rPois   inf          g - melded +2 helmet
rElec   .            m - melded +1 cloak of Starlight {*Dazzle EV+4 Stlth--}
rCorr   .            t - melded +0 pair of gloves "Feag" {rC+ Str+3}
SInv    .            (boots currently unavailable)
Will    +....        y - amulet of the acrobat
Stlth   +++          e - melded +6 ring of strength
HPRegen 0.35/turn    n - melded ring of see invisible
MPRegen 0.17/turn

%: acrobat
@: about to teleport, pig-form, heroic, very quick
A: fast, no casting, sickness immunity, AC +10, small, (big wings), negative
energy resistance 1, (electricity resistance), torment resistance 1,
petrification resistance
a: Renounce Religion, Heroism, Finesse


You were on level 12 of the Dungeon.
You worshipped Okawaru.
Okawaru was greatly pleased with you.
You were a filthy swine.
You visited 3 branches of the dungeon, and saw 18 of its levels.

You collected 1708 gold pieces.
You spent 257 gold pieces at shops.


Innate Abilities, Weirdness & Mutations

You are a filthy swine.
You move quickly.
Your equipment is almost entirely melded.
You are incapable of wielding weapons or throwing items.
You cannot cast spells.
You are immune to sickness and miasma.
((Your stone body is resilient. (AC +10)))
You are immune to poison.
((Your large and strong wings let you fly.))
You resist negative energy. (rN+)
((You are resistant to electric shocks. (rElec)))
You are resistant to unholy torment.
You are immune to petrification.


   Skills:
 - Level 11.3(16.3) Fighting
 - Level 15.1(20.1) Axes
 - Level 5.0(10.0) Throwing
 + Level 10.0(15.0) Armour
 - Level 3.1(8.1) Dodging
 - Level 12.0(17.0) Shields
 - Level 10.0 Invocations


You had 13 spell levels left.
You didn't know any spells.
Your spell library was empty.

Inventory:

Hand Weapons
 o - a +2 eveningstar of holy wrath
 Y - a +2 broad axe (melded)
Missiles
 b - 19 boomerangs
 x - 2 javelins
Armour
 a - a +0 kite shield (melded)
 g - a +2 helmet (melded)
 h - +0 acid dragon scales
 l - the +3 hat of Pondering {ponderous, Will+ MP+10 Int+5}
   (You took it off Gastronok on level 12 of the Dungeon)

   Int:       It affects your intelligence (+5).
   MP:        It affects your magic capacity (+10).
   Will:      It increases your willpower.
 m - the +1 cloak of Starlight (melded) {*Dazzle EV+4 Stlth--}
   (You acquired it on level 5 of the Dungeon)

   *Dazzle:   It may blind those who miss an attack against the wearer in melee
   combat.
   EV:        It affects your evasion (+4).
   Stlth:     It makes you much less stealthy.
 t - the +0 pair of gloves "Feag" (melded) {rC+ Str+3}
   (You found it on level 6 of the Dungeon)

   Str:       It affects your strength (+3).
   rC:        It protects you from cold.
 v - a +1 plate armour (melded)
 w - a +0 crystal plate armour
Jewellery
 c - a ring of positive energy
 e - a +6 ring of strength (melded)
 n - a ring of see invisible (melded)
 u - a ring of protection from cold
 y - an amulet of the acrobat (around neck)
 C - a ring of see invisible
 D - a ring of protection from fire
Scrolls
 j - 7 scrolls of identify
 s - 3 scrolls of teleportation
Potions
 d - 7 potions of might
 f - 5 potions of mutation
 i - 5 potions of heal wounds
 k - a potion of attraction
 q - a potion of resistance
 r - 2 potions of haste
 z - a potion of lignification
 A - 2 potions of magic
 B - 3 potions of curing

Dungeon Overview and Level Annotations

Branches:
Dungeon (12/15)            Temple (1/1) D:6            Lair (5/5) D:11
  Swamp (0/4) Lair:2        Snake (0/4) Lair:2        Slime (0/5) Lair:4
    Orc (0/2) D:9

Altars:
Ashenzari
Cheibriados
Dithmenos
Elyvilon
Fedhas
Gozag
Hepliaklqana
Kikubaaqudgha
Makhleb
Nemelex Xobeh
Okawaru
Qazlal
Ru
Sif Muna
Trog
Uskayaw
Vehumet
Wu Jian
Xom
Yredelemnul
Zin
The Shining One

Shops:
D:2 *   D:4 [   D:6 [

Annotations:
D:6 1 runed translucent door, Crazy Yiuf
D:12 Kirke


Message History

The hog bites you but does no damage. You block Kirke's attack.
You slice the hog!!
You kill the hog!
Okawaru accepts your kill.
You slice Kirke!! Kirke gestures at you while chanting.
You turn into a filthy swine.
Your +2 broad axe melds into your body.
The +1 cloak of Starlight {*Dazzle EV+4 Stlth--} melds into your body.
Your +2 helmet melds into your body.
The +0 pair of gloves "Feag" {rC+ Str+3} melds into your body.
Your +0 kite shield melds into your body.
Your +1 plate armour melds into your body.
Your +6 ring of strength melds into your body.
Your ring of see invisible melds into your body.
You feel weaker.
You hit the hog.
The hog is lightly wounded.
Something hits you.
Deactivating autopickup; reactivate with Ctrl-A.
The hog barely misses you.
You closely miss something. Something hits you! The hog misses you.
You hit something but do no damage. Something hits you.
The hog barely misses you.
You bite something! Something hits you!
A yak comes into view.
The hog barely misses you.
You closely miss something.
The yak bellows!
Something hits you!
You bite something! The hog misses you. Something hits you!
The yak closely misses you.
You closely miss something. Something hits you! The hog misses you.
The yak gores you!
16617 ||| READING 4 scrolls of teleportation.
As you read the scroll of teleportation, it crumbles to dust.
You feel strangely unstable. Something hits you! The hog bites you!
You die...

#####.##.#.#..?....<. #..#####
#........#.#.####.#####..#####
#........#.#....#...........##
#.......##.####.#..#.....##.##
##########....#.#..#.....##<##
((......#.#..#.....##.##
(.....Y.#....#.....##.##
..Y...Yh####.#.....>..##
#{h.....#.....#####
#.#######.......... #.
................ ..
####<........ ##. #......###
#. #......### #. #......##. #.
#......##. #......##.


You could see 3 yaks and a hog.

Vanquished Creatures
  Gastronok (D:12)
  Frances (D:12)
  Josephine (Lair:3)
  A fire dragon (Lair:5)
  Harold (D:9)
  Erolcha (D:9)
  A catoblepas (Lair:3)
  2 two-headed ogres
  4 hydras
  2 boulder beetles
  6 death yaks
  4 skeletal warriors (D:11)
  A swamp dragon (Lair:5)
  Pikel (D:6)
  A deep elf pyromancer (D:12)
  3 manticores
  3 cyclopes
  4 elephants (Lair:3)
  Joseph (D:8)
  9 black mambas
  A gargoyle (D:12)
  11 cane toads
  5 rime drakes
  A kobold demonologist (D:11)
  12 komodo dragons
  A tyrant leech (Lair:2)
  2 polar bears
  Grinder (D:6)
  6 trolls
  7 blink frogs
  A hornet (D:8)
  10 dream sheep
  Sigmund (D:6)
  7 wyverns
  3 slime creatures (D:12)
  7 wraiths
  2 shadows
  49 yaks
  2 hogs (D:12)
  6 steam dragons
  A basilisk (Lair:4)
  A vampire mosquito (D:6)
  Menkaure (D:7)
  2 swamp worms (Lair:2)
  3 nagas (Lair:2)
  2 acid dragons
  11 water moccasins
  8 orc warriors
  An ice beast (D:6)
  A sky beast (D:7)
  A black bear (Lair:3)
  4 ogres (D:9)
  2 centaurs
  22 wolves
  4 lemures
  A phantom (D:5)
  8 kobold brigands
  5 bullfrogs
  3 scorpions (D:5)
  5 gnoll sergeants
  A necrophage (D:4)
  7 wights
  A water moccasin zombie (D:4)
  14 killer bees
  A howler monkey (D:9)
  A bullfrog zombie (D:4)
  5 hounds
  A gnoll bouda (D:10)
  4 orc priests
  A human zombie (D:4)
  4 jellies
  4 sleepcaps
  10 iguanas
  10 orc wizards
  3 hound zombies (D:4)
  A mummy (D:4)
  Robin (D:4)
  8 adders
  15 gnolls
  2 shadow imps (D:6)
  4 white imps
  An ufetubus (D:4)
  An adder zombie (D:4)
  A worm (D:4)
  2 dart slugs
  24 orcs
  3 ball pythons
  6 bats
  3 endoplasms
  3 giant cockroaches
  16 goblins
  8 hobgoblins
  4 jackals
  5 quokkas
  A frilled lizard (D:2)
  20 kobolds
  4 rats
469 creatures vanquished.

Notes
Turn   | Place    | Note
-------+----------+-------------------------------------------
     0 | D:1      | qw the Gargoyle Fighter began the quest for the Orb.
     0 | D:1      | Reached XP level 1. HP: 14/14 MP: 1/1
     0 | D:1      | 0 ||| qw: Version: 0.2-a-92-gb77fa06
     0 | D:1      | 0 ||| qw: Game counter: 5
     0 | D:1      | 0 ||| qw: Always use a shield: true
     0 | D:1      | 0 ||| qw: God list: Okawaru
     0 | D:1      | 0 ||| qw: Allow faded altars: false
     0 | D:1      | 0 ||| qw: Do Orc after D:15 true
     0 | D:1      | 0 ||| qw: Do second Lair branch before Depths: true
     0 | D:1      | 0 ||| qw: Lair rune preference: random
     0 | D:1      | 0 ||| qw: Plans: Normal, Zot:1-4, God:TSO, Crypt, Tomb,
                  | Pan, Slime:5, Hells, Abyss, Win
     0 | D:1      | 0 ||| PLANNING D:1-11
    54 | D:1      | 54 ||| Stepping ~*~*~tactically~*~*~ (stealth).
    57 | D:1      | 57 ||| Stepping ~*~*~tactically~*~*~ (stealth).
    63 | D:1      | Reached skill level 2 in Axes
   214 | D:1      | Reached XP level 2. HP: 19/19 MP: 2/2
   591 | D:1      | 591 ||| UPGRADING to +6 ring of strength.
   621 | D:2      | 621 ||| STAIRDANCE
   625 | D:1      | Reached skill level 3 in Axes
   639 | D:1      | 639 ||| UPGRADING to +0 chain mail.
   649 | D:1      | 649 ||| DROPPING +0 scale mail.
   665 | D:2      | 665 ||| DROPPING +0 club.
   682 | D:2      | Reached XP level 3. HP: 23/23 MP: 3/3
   752 | D:2      | 752 ||| Stepping ~*~*~tactically~*~*~ (stealth).
   829 | D:2      | Found a bloodstained altar of Trog.
   929 | D:2      | Found Fozaaf's General Store.
   938 | D:2      | 938 ||| BUYING potion of heal wounds (50 gold).
   938 | D:2      | Bought a potion of heal wounds for 50 gold pieces
   938 | D:2      | 938 ||| SHOPLISTING ring of willpower (250 gold, have 30).
   938 | D:2      | 938 ||| BUYING scroll of identify (20 gold).
   938 | D:2      | Bought a scroll of identify for 20 gold pieces
   938 | D:2      | 938 ||| SHOPLISTING scroll of identify (20 gold, have 10).
  1069 | D:2      | Reached XP level 4. HP: 26/28 MP: 4/4
  1095 | D:2      | 1095 ||| Stepping ~*~*~tactically~*~*~ (stealth).
  1109 | D:2      | Reached skill level 4 in Axes
  1459 | D:2      | 1459 ||| UPGRADING to +2 scale mail of cold resistance.
  1469 | D:2      | 1469 ||| READING scroll labelled FUOKHL DIRITOFEO.
  1470 | D:2      | 1470 ||| READING 5 scrolls of identify.
  1470 | D:2      | 1470 ||| IDENTIFYING fizzy pink potion
  1471 | D:2      | 1471 ||| READING 4 scrolls of identify.
  1471 | D:2      | 1471 ||| IDENTIFYING red potion
  1472 | D:2      | 1472 ||| DROPPING potion of degeneration.
  1978 | D:3      | 1978 ||| UPGRADING to +0 kite shield.
  1988 | D:3      | 1988 ||| DROPPING +0 buckler.
  1989 | D:3      | 1989 ||| UPGRADING to ring of see invisible.
  1990 | D:3      | 1990 ||| READING scroll labelled XIB VACSEIZOZO.
  1991 | D:3      | 1991 ||| READING 3 scrolls labelled JARERAX DAUFA.
  1992 | D:3      | 1992 ||| READING scroll labelled SYG QIC YHYA.
  1993 | D:3      | 1993 ||| READING 3 scrolls of identify.
  1993 | D:3      | 1993 ||| IDENTIFYING dark potion
  1994 | D:3      | 1994 ||| READING 2 scrolls of identify.
  1994 | D:3      | 1994 ||| IDENTIFYING grey potion
  1995 | D:3      | 1995 ||| DROPPING 2 scrolls of poison.
  1996 | D:3      | 1996 ||| DROPPING potion of invisibility.
  1997 | D:3      | 1997 ||| DROPPING potion of flight.
  2010 | D:4      | 2010 ||| Stepping ~*~*~tactically~*~*~ (hiding).
  2025 | D:4      | Reached XP level 5. HP: 16/32 MP: 5/5
  2220 | D:4      | Reached skill level 1 in Throwing
  2249 | D:4      | Found Ruopon's Antique Armour Shop.
  2263 | D:4      | 2263 ||| SHOPLISTING embroidered cloak (210 gold, have
                  | 116).
  2263 | D:4      | 2263 ||| SHOPLISTING helmet (126 gold, have 116).
  2263 | D:4      | 2263 ||| SHOPLISTING pair of embroidered boots (210 gold,
                  | have 116).
  2263 | D:4      | 2263 ||| SHOPLISTING shiny chain mail (210 gold, have 116).
  2323 | D:4      | Reached XP level 6. HP: 35/37 MP: 6/6
  2359 | D:4      | Reached skill level 5 in Axes
  2439 | D:4      | Reached skill level 1 in Dodging
  2439 | D:4      | Reached XP level 7. HP: 29/41 MP: 7/7
  2532 | D:4      | Found an ancient bone altar of Kikubaaqudgha.
  2602 | D:4      | 2602 ||| Stepping ~*~*~tactically~*~*~ (stealth).
  2603 | D:4      | 2603 ||| Stepping ~*~*~tactically~*~*~ (stealth).
  2642 | D:4      | Noticed Robin
  2643 | D:4      | 2643 ||| Stepping ~*~*~tactically~*~*~ (stealth).
  2645 | D:4      | 2645 ||| Stepping ~*~*~tactically~*~*~ (hiding).
  2646 | D:4      | 2646 ||| Stepping ~*~*~tactically~*~*~ (hiding).
  2652 | D:4      | Killed Robin
  2729 | D:4      | 2729 ||| Stepping ~*~*~tactically~*~*~ (stealth).
  2890 | D:4      | 2890 ||| Stepping ~*~*~tactically~*~*~ (stealth).
  2892 | D:4      | 2892 ||| Stepping ~*~*~tactically~*~*~ (stealth).
  2963 | D:4      | 2963 ||| UPGRADING to +1 helmet.
  2968 | D:4      | 2968 ||| UPGRADING to +0 pair of gloves.
  2973 | D:4      | 2973 ||| READING scroll labelled RIDWUQ RARRU.
  2978 | D:5      | Entered Level 5 of the Dungeon
  2998 | D:5      | Reached skill level 6 in Axes
  3066 | D:5      | Reached skill level 6 in Shields
  3091 | D:5      | Reached XP level 8. HP: 44/48 MP: 8/8
  3182 | D:5      | Found a snail-covered altar of Cheibriados.
  3197 | D:5      | Found a sparkling altar of Nemelex Xobeh.
  3282 | D:5      | 3282 ||| DROPPING +2 mace of draining.
  3447 | D:5      | 3447 ||| Stepping ~*~*~tactically~*~*~ (hiding).
  3493 | D:5      | Reached skill level 7 in Axes
  3562 | D:5      | 3562 ||| READING scroll labelled WAAQID XYRUC.
  3562 | D:5      | Identified a scroll of acquirement
  3562 | D:5      | 3562 ||| ACQUIRING +1 cloak of Starlight {*Dazzle EV+4
                  | Stlth--}
  3562 | D:5      | Acquired the +1 cloak of Starlight {*Dazzle EV+4 Stlth--}
  3562 | D:5      | Found the +1 cloak of Starlight {*Dazzle EV+4 Stlth--}
  3564 | D:5      | 3564 ||| UPGRADING to +1 cloak of Starlight {*Dazzle EV+4
                  | Stlth--}.
  3569 | D:5      | 3569 ||| READING scroll labelled ZUAXZO TUSORA.
  3670 | D:5      | 3670 ||| READING 5 scrolls of identify.
  3670 | D:5      | 3670 ||| IDENTIFYING viscous white potion
  3671 | D:5      | 3671 ||| READING 4 scrolls of identify.
  3671 | D:5      | 3671 ||| IDENTIFYING black potion
  3700 | D:6      | 3700 ||| STAIRDANCE
  3779 | D:6      | Found Tatorah's Antique Armour Shoppe.
  3787 | D:6      | Noticed Grinder
  3800 | D:6      | Killed Grinder
  3826 | D:6      | 3826 ||| SHOPLISTING glowing plate armour (650 gold, have
                  | 275).
  3826 | D:6      | 3826 ||| BUYING pair of glowing gloves (187 gold).
  3826 | D:6      | Bought a pair of glowing gloves for 187 gold pieces
  3826 | D:6      | 3826 ||| SHOPLISTING plate armour (575 gold, have 88).
  3826 | D:6      | 3826 ||| SHOPLISTING runed tower shield (187 gold, have
                  | 88).
  3826 | D:6      | 3826 ||| SHOPLISTING shiny chain mail (187 gold, have 88).
  4068 | D:6      | Identified the +0 pair of gloves "Feag" {rC+ Str+3}
  4077 | D:6      | Noticed Pikel
  4078 | D:6      | 4078 ||| Stepping ~*~*~tactically~*~*~ (stealth).
  4079 | D:6      | 4079 ||| Stepping ~*~*~tactically~*~*~ (stealth).
  4159 | D:6      | Killed Pikel
  4160 | D:6      | Reached XP level 9. HP: 41/55 MP: 9/9
  4215 | D:6      | 4215 ||| READING scroll of enchant weapon.
  4215 | D:6      | 4215 ||| ENCHANTING +1 war axe.
  4239 | D:6      | Found a runed translucent door.
  4240 | D:6      | Noticed Crazy Yiuf
  4283 | D:6      | 4283 ||| Stepping ~*~*~tactically~*~*~ (hiding).
  4379 | D:6      | 4379 ||| Stepping ~*~*~tactically~*~*~ (stealth).
  4381 | D:6      | 4381 ||| Stepping ~*~*~tactically~*~*~ (stealth).
  4383 | D:6      | 4383 ||| Stepping ~*~*~tactically~*~*~ (stealth).
  4384 | D:6      | 4384 ||| Stepping ~*~*~tactically~*~*~ (stealth).
  4385 | D:6      | 4385 ||| Stepping ~*~*~tactically~*~*~ (stealth).
  4441 | D:6      | Found a staircase to the Ecumenical Temple.
  4442 | D:6      | 4442 ||| PLANNING TEMPLE
  4442 | D:6      | 4442 ||| UPGRADING to +0 pair of gloves of dexterity.
  4452 | D:6      | 4452 ||| DROPPING +0 pair of gloves.
  4453 | D:6      | 4453 ||| UPGRADING to +0 pair of gloves "Feag" {rC+ Str+3}.
  4463 | D:6      | 4463 ||| UPGRADING to +0 chain mail.
  4473 | D:6      | 4473 ||| DROPPING +0 pair of gloves of dexterity.
  4474 | D:6      | 4474 ||| READING scroll labelled LEZIMU IVAGH.
  4475 | D:6      | 4475 ||| READING scroll labelled BUFOUC LOBY.
  4484 | Temple   | Entered the Ecumenical Temple
  4485 | Temple   | 4485 ||| PLANNING OKAWARU WORSHIP
  4623 | Temple   | Became a worshipper of Warmaster Okawaru
  4624 | Temple   | 4624 ||| PLANNING D:1-11
  4982 | D:7      | 4982 ||| READING scroll of acquirement.
  4982 | D:7      | 4982 ||| ACQUIRING +2 eveningstar of holy wrath
  4982 | D:7      | Acquired a +2 eveningstar of holy wrath
  4984 | D:7      | 4984 ||| DROPPING +0 flail.
  5039 | D:7      | Noticed Menkaure
  5048 | D:7      | Killed Menkaure
  5230 | D:7      | 5230 ||| READING scroll labelled XARICA NAEPS.
  5245 | D:6      | Noticed Sigmund
  5254 | D:6      | Killed Sigmund
  5255 | D:6      | Reached skill level 8 in Axes
  5269 | D:6      | Reached * piety under Okawaru
  5270 | D:6      | Reached skill level 6 in Fighting
  5273 | D:6      | Reached skill level 1 in Invocations
  5319 | D:6      | 5319 ||| Stepping ~*~*~tactically~*~*~ (stealth).
  5324 | D:6      | Noticed a troll
  5324 | D:6      | Noticed a two-headed ogre
  5324 | D:6      | Noticed a cyclops
  5325 | D:6      | 5325 ||| Stepping ~*~*~tactically~*~*~ (stealth).
  5326 | D:6      | Noticed a troll
  5327 | D:6      | 5327 ||| INVOKING Heroism.
  5337 | D:6      | Killed a two-headed ogre
  5338 | D:6      | Reached XP level 10. HP: 50/60 MP: 9/13
  5341 | D:6      | Reached ** piety under Okawaru
  5342 | D:6      | Reached skill level 9 in Axes
  5354 | D:6      | 5354 ||| INVOKING Heroism.
  5356 | D:6      | 5356 ||| Stepping ~*~*~tactically~*~*~ (hiding).
  5372 | D:6      | Killed a cyclops
  5434 | D:6      | 5434 ||| Stepping ~*~*~tactically~*~*~ (hiding).
  5495 | D:6      | 5495 ||| INVOKING Heroism.
  5500 | D:6      | Reached skill level 9 in Shields
  5555 | D:6      | 5555 ||| Stepping ~*~*~tactically~*~*~ (hiding).
  5556 | D:6      | 5556 ||| Stepping ~*~*~tactically~*~*~ (hiding).
  5557 | D:6      | 5557 ||| Stepping ~*~*~tactically~*~*~ (hiding).
  5741 | D:7      | Reached *** piety under Okawaru
  5836 | D:8      | Found a flagged portal.
  5839 | D:8      | 5839 ||| INVOKING Heroism.
  5847 | D:8      | Reached skill level 10 in Axes
  5915 | D:8      | Noticed Joseph
  5916 | D:8      | 5916 ||| Stepping ~*~*~tactically~*~*~ (stealth).
  5944 | D:8      | 5944 ||| INVOKING Heroism.
  5951 | D:8      | Killed Joseph
  5958 | D:8      | 5958 ||| Stepping ~*~*~tactically~*~*~ (stealth).
  6043 | D:8      | 6043 ||| Stepping ~*~*~tactically~*~*~ (stealth).
  6047 | D:8      | 6047 ||| Stepping ~*~*~tactically~*~*~ (stealth).
  6049 | D:8      | 6049 ||| Stepping ~*~*~tactically~*~*~ (stealth).
  6051 | D:8      | 6051 ||| Stepping ~*~*~tactically~*~*~ (stealth).
  6119 | D:8      | 6119 ||| INVOKING Heroism.
  6177 | D:8      | Reached **** piety under Okawaru
  6178 | D:8      | Reached XP level 11. HP: 63/68 MP: 14/14
  6352 | D:8      | 6352 ||| READING scroll of enchant armour.
  6352 | D:8      | 6352 ||| ENCHANTING +1 helmet.
  6516 | D:8      | 6516 ||| READING scroll of enchant weapon.
  6516 | D:8      | 6516 ||| ENCHANTING +2 war axe.
  6749 | D:8      | 6749 ||| READING scroll labelled COEQOLUROCI.
  6752 | D:8      | 6752 ||| READING 4 scrolls of identify.
  6752 | D:8      | 6752 ||| IDENTIFYING metallic green potion
  6753 | D:8      | 6753 ||| READING 3 scrolls of identify.
  6753 | D:8      | 6753 ||| IDENTIFYING metallic cyan potion
  6808 | D:9      | 6808 ||| Stepping ~*~*~tactically~*~*~ (stealth).
  6812 | D:9      | Noticed Erolcha
  6813 | D:9      | 6813 ||| Stepping ~*~*~tactically~*~*~ (hiding).
  6821 | D:9      | 6821 ||| INVOKING Heroism.
  6823 | D:9      | Reached skill level 3 in Throwing
  6826 | D:9      | Reached skill level 6 in Armour
  6835 | D:9      | Killed Erolcha
  6836 | D:9      | Reached skill level 3 in Dodging
  6885 | D:9      | 6885 ||| READING scroll of enchant weapon.
  6885 | D:9      | 6885 ||| ENCHANTING +3 war axe.
  6920 | D:9      | 6920 ||| Stepping ~*~*~tactically~*~*~ (stealth).
  6923 | D:9      | 6923 ||| Stepping ~*~*~tactically~*~*~ (stealth).
  7106 | D:9      | Found a staircase to the Orcish Mines.
  7107 | D:9      | 7107 ||| INVOKING Heroism.
  7133 | D:9      | 7133 ||| INVOKING Heroism.
  7286 | D:9      | Reached skill level 6 in Invocations
  7487 | D:9      | 7487 ||| Stepping ~*~*~tactically~*~*~ (hiding).
  7491 | D:9      | 7491 ||| INVOKING Heroism.
  7494 | D:9      | 7494 ||| Stepping ~*~*~tactically~*~*~ (hiding).
  7495 | D:9      | 7495 ||| Stepping ~*~*~tactically~*~*~ (hiding).
  7509 | D:9      | Noticed Harold
  7516 | D:9      | Killed Harold
  7661 | D:9      | Identified the +8 rapier "Zip Qor" {drain, rCorr}
  7796 | D:9      | Found a stormy altar of Qazlal.
  7796 | D:9      | Found a hide-covered altar of Uskayaw.
  7799 | D:9      | 7799 ||| UPGRADING to +0 plate armour.
  7809 | D:9      | 7809 ||| DROPPING +0 chain mail.
  7810 | D:9      | 7810 ||| READING scroll labelled KISEQA IHOF.
  7811 | D:9      | 7811 ||| READING scroll labelled FUNAOSU ELOMOA.
  7812 | D:9      | 7812 ||| READING 2 scrolls of identify.
  7812 | D:9      | 7812 ||| IDENTIFYING bubbling white potion
  7813 | D:9      | 7813 ||| DROPPING potion of brilliance.
  7876 | D:10     | Entered Level 10 of the Dungeon
  7879 | D:10     | 7879 ||| Stepping ~*~*~tactically~*~*~ (hiding).
  7890 | D:10     | 7890 ||| Stepping ~*~*~tactically~*~*~ (hiding).
  7892 | D:10     | 7892 ||| Stepping ~*~*~tactically~*~*~ (hiding).
  7942 | D:10     | 7942 ||| Stepping ~*~*~tactically~*~*~ (hiding).
  7943 | D:10     | 7943 ||| Stepping ~*~*~tactically~*~*~ (hiding).
  7944 | D:10     | 7944 ||| Stepping ~*~*~tactically~*~*~ (hiding).
  7945 | D:10     | 7945 ||| Stepping ~*~*~tactically~*~*~ (hiding).
  7946 | D:10     | 7946 ||| Stepping ~*~*~tactically~*~*~ (hiding).
  7950 | D:10     | 7950 ||| INVOKING Heroism.
  7956 | D:10     | Received a gift from Okawaru
  8033 | D:10     | 8033 ||| Stepping ~*~*~tactically~*~*~ (hiding).
  8035 | D:10     | 8035 ||| Stepping ~*~*~tactically~*~*~ (hiding).
  8036 | D:10     | 8036 ||| Stepping ~*~*~tactically~*~*~ (hiding).
  8122 | D:10     | 8122 ||| INVOKING Heroism.
  8158 | D:10     | Found a glowing silver altar of Zin.
  8158 | D:10     | Found a burning altar of Makhleb.
  8159 | D:10     | Noticed an Executioner
  8159 | D:10     | Noticed an angel
  8182 | D:10     | 8182 ||| INVOKING Heroism.
  8217 | D:10     | Found a glowing golden altar of the Shining One.
  8270 | D:10     | 8270 ||| Stepping ~*~*~tactically~*~*~ (stealth).
  8418 | D:10     | 8418 ||| INVOKING Heroism.
  8520 | D:10     | 8520 ||| INVOKING Heroism.
  8685 | D:10     | 8685 ||| SWAPPING to +0 broad axe.
  8686 | D:10     | 8686 ||| DROPPING +4 war axe.
  8715 | D:10     | 8715 ||| UPGRADING to amulet of the acrobat.
  8720 | D:10     | 8720 ||| READING 2 scrolls of identify.
  8720 | D:10     | 8720 ||| IDENTIFYING amethyst potion
  8761 | D:11     | Noticed a manticore
  8762 | D:11     | 8762 ||| INVOKING Heroism.
  8768 | D:11     | Killed a manticore
  8783 | D:11     | 8783 ||| READING scroll of enchant weapon.
  8783 | D:11     | 8783 ||| ENCHANTING +0 broad axe.
  8794 | D:11     | Found a staircase to the Lair.
  8814 | D:11     | Noticed a boulder beetle
  8815 | D:11     | 8815 ||| INVOKING Heroism.
  8823 | D:11     | Killed a boulder beetle
  8823 | D:11     | Received a gift from Okawaru
  8824 | D:11     | Reached skill level 11 in Axes
  8824 | D:11     | Reached XP level 12. HP: 47/74 MP: 15/17
  8956 | D:11     | 8956 ||| READING scroll of enchant weapon.
  8956 | D:11     | 8956 ||| ENCHANTING +1 broad axe.
  8969 | D:11     | Noticed a two-headed ogre
  8973 | D:11     | 8973 ||| INVOKING Heroism.
  8979 | D:11     | Killed a two-headed ogre
  8986 | D:11     | 8986 ||| Stepping ~*~*~tactically~*~*~ (hiding).
  8993 | D:11     | 8993 ||| INVOKING Heroism.
  8995 | D:11     | 8995 ||| Stepping ~*~*~tactically~*~*~ (hiding).
  8996 | D:11     | 8996 ||| Stepping ~*~*~tactically~*~*~ (hiding).
  8997 | D:11     | 8997 ||| Stepping ~*~*~tactically~*~*~ (hiding).
  9083 | D:11     | 9083 ||| Stepping ~*~*~tactically~*~*~ (stealth).
  9085 | D:11     | 9085 ||| Stepping ~*~*~tactically~*~*~ (stealth).
  9163 | D:11     | Identified the +1 pair of gloves of Selysmi {rElec}
  9174 | D:11     | 9174 ||| INVOKING Heroism.
  9184 | D:11     | 9184 ||| Stepping ~*~*~tactically~*~*~ (hiding).
  9189 | D:11     | Reached skill level 9 in Invocations
  9204 | D:11     | 9204 ||| INVOKING Heroism.
  9270 | D:11     | 9270 ||| INVOKING Heroism.
  9324 | D:11     | 9324 ||| PLANNING LAIR
  9324 | D:11     | 9324 ||| DROPPING +1 pair of gloves of Selysmi {rElec}.
  9343 | Lair:1   | Entered Level 1 of the Lair of Beasts
  9496 | Lair:1   | Reached ***** piety under Okawaru
  9596 | Lair:1   | 9596 ||| INVOKING Heroism.
  9602 | Lair:1   | Reached skill level 9 in Fighting
  9935 | Lair:1   | 9935 ||| Stepping ~*~*~tactically~*~*~ (stealth).
  9937 | Lair:1   | 9937 ||| INVOKING Heroism.
  9963 | Lair:1   | Reached skill level 12 in Axes
  9999 | Lair:1   | Received a gift from Okawaru
 10054 | Lair:1   | Identified the +10 rapier of Honesty {flame, rElec rF-
                  | Dex+3}
 10282 | Lair:1   | 10282 ||| READING 3 scrolls of identify.
 10282 | Lair:1   | 10282 ||| IDENTIFYING viscous blue potion
 10335 | Lair:2   | Reached XP level 13. HP: 67/80 MP: 20/20
 10442 | Lair:2   | Reached skill level 9 in Armour
 10607 | Lair:2   | Found a staircase to the Snake Pit.
 10670 | Lair:2   | Received a gift from Okawaru
 10985 | Lair:2   | 10985 ||| Stepping ~*~*~tactically~*~*~ (hiding).
 10986 | Lair:2   | 10986 ||| INVOKING Heroism.
 10987 | Lair:2   | 10987 ||| INVOKING Finesse.
 10990 | Lair:2   | 10990 ||| SWAPPING to +2 eveningstar of holy wrath.
 11000 | Lair:2   | 11000 ||| SWAPPING to +2 broad axe.
 11002 | Lair:2   | HP: 20/82 [tyrant leech (11)]
 11003 | Lair:2   | 11003 ||| READING 4 scrolls of teleportation.
 11004 | Lair:2   | 11004 ||| DRINKING 4 potions of heal wounds.
 11160 | Lair:2   | 11160 ||| Stepping ~*~*~tactically~*~*~ (stealth).
 11161 | Lair:2   | 11161 ||| Stepping ~*~*~tactically~*~*~ (stealth).
 11162 | Lair:2   | 11162 ||| Stepping ~*~*~tactically~*~*~ (stealth).
 11163 | Lair:2   | 11163 ||| INVOKING Heroism.
 11187 | Lair:2   | 11187 ||| Stepping ~*~*~tactically~*~*~ (stealth).
 11188 | Lair:2   | 11188 ||| Stepping ~*~*~tactically~*~*~ (stealth).
 11209 | Lair:2   | 11209 ||| SWAPPING to +2 eveningstar of holy wrath.
 11213 | Lair:2   | 11213 ||| SWAPPING to +2 broad axe.
 11255 | Lair:2   | Found a staircase to the Swamp.
 11418 | Lair:2   | 11418 ||| INVOKING Heroism.
 11803 | Lair:2   | 11803 ||| READING scroll labelled EKLUMO GAOMUO.
 11804 | Lair:2   | 11804 ||| DRINKING 2 fuming silvery potions.
 11899 | Lair:3   | 11899 ||| INVOKING Heroism.
 11987 | Lair:3   | 11987 ||| Stepping ~*~*~tactically~*~*~ (stealth).
 11992 | Lair:3   | 11992 ||| INVOKING Heroism.
 12063 | Lair:3   | 12063 ||| INVOKING Heroism.
 12284 | Lair:3   | 12284 ||| INVOKING Heroism.
 12370 | Lair:3   | Noticed Josephine
 12386 | Lair:3   | Killed Josephine
 12469 | Lair:3   | Reached skill level 13 in Axes
 12672 | Lair:3   | 12672 ||| INVOKING Heroism.
 12770 | Lair:3   | 12770 ||| INVOKING Heroism.
 12859 | Lair:3   | 12859 ||| INVOKING Heroism.
 13031 | Lair:3   | 13031 ||| Stepping ~*~*~tactically~*~*~ (stealth).
 13224 | Lair:4   | 13224 ||| STAIRDANCE
 13275 | Lair:4   | 13275 ||| INVOKING Heroism.
 13348 | Lair:4   | 13348 ||| INVOKING Heroism.
 13349 | Lair:4   | 13349 ||| Stepping ~*~*~tactically~*~*~ (stealth).
 13350 | Lair:4   | 13350 ||| Stepping ~*~*~tactically~*~*~ (stealth).
 13358 | Lair:4   | 13358 ||| Stepping ~*~*~tactically~*~*~ (stealth).
 13368 | Lair:4   | Reached skill level 14 in Axes
 13447 | Lair:4   | Gained mutation: Your large and strong wings let you fly.
                  | [Gargoyle growth]
 13447 | Lair:4   | Reached XP level 14. HP: 88/88 MP: 21/21
 13467 | Lair:4   | 13467 ||| INVOKING Heroism.
 13494 | Lair:4   | Found a staircase to the Slime Pits.
 13823 | Lair:4   | 13823 ||| Stepping ~*~*~tactically~*~*~ (stealth).
 13964 | Lair:4   | 13964 ||| DROPPING +2 helmet of intelligence.
 13989 | Lair:5   | Entered Level 5 of the Lair of Beasts
 14113 | Lair:5   | 14113 ||| INVOKING Heroism.
 14129 | Lair:5   | Received a gift from Okawaru
 14231 | Lair:5   | 14231 ||| Stepping ~*~*~tactically~*~*~ (stealth).
 14232 | Lair:5   | 14232 ||| INVOKING Heroism.
 14234 | Lair:5   | 14234 ||| Stepping ~*~*~tactically~*~*~ (stealth).
 14235 | Lair:5   | 14235 ||| Stepping ~*~*~tactically~*~*~ (stealth).
 14236 | Lair:5   | 14236 ||| SWAPPING to +2 eveningstar of holy wrath.
 14242 | Lair:5   | 14242 ||| SWAPPING to +2 broad axe.
 14307 | Lair:5   | 14307 ||| READING scroll of enchant armour.
 14307 | Lair:5   | 14307 ||| ENCHANTING +0 plate armour.
 14333 | Lair:5   | 14333 ||| Stepping ~*~*~tactically~*~*~ (stealth).
 14334 | Lair:5   | 14334 ||| Stepping ~*~*~tactically~*~*~ (stealth).
 14356 | Lair:5   | Reached skill level 12 in Shields
 14361 | Lair:5   | 14361 ||| Stepping ~*~*~tactically~*~*~ (stealth).
 14432 | Lair:5   | 14432 ||| Stepping ~*~*~tactically~*~*~ (hiding).
 14525 | Lair:5   | 14525 ||| Stepping ~*~*~tactically~*~*~ (stealth).
 14530 | Lair:5   | 14530 ||| Stepping ~*~*~tactically~*~*~ (hiding).
 14596 | Lair:5   | 14596 ||| Stepping ~*~*~tactically~*~*~ (hiding).
 14620 | Lair:5   | 14620 ||| INVOKING Heroism.
 14621 | Lair:5   | 14621 ||| INVOKING Finesse.
 14636 | Lair:5   | 14636 ||| Stepping ~*~*~tactically~*~*~ (cloud).
 14884 | Lair:5   | 14884 ||| INVOKING Heroism.
 14888 | Lair:5   | 14888 ||| SWAPPING to +2 eveningstar of holy wrath.
 14893 | Lair:5   | 14893 ||| SWAPPING to +2 broad axe.
 14967 | Lair:5   | 14967 ||| Stepping ~*~*~tactically~*~*~ (stealth).
 14970 | Lair:5   | 14970 ||| Stepping ~*~*~tactically~*~*~ (stealth).
 14972 | Lair:5   | 14972 ||| Stepping ~*~*~tactically~*~*~ (stealth).
 14973 | Lair:5   | 14973 ||| Stepping ~*~*~tactically~*~*~ (stealth).
 14974 | Lair:5   | 14974 ||| Stepping ~*~*~tactically~*~*~ (stealth).
 15446 | Lair:5   | 15446 ||| PLANNING D
 15446 | Lair:5   | 15446 ||| DROPPING +2 scale mail of cold resistance.
 15578 | D:12     | 15578 ||| Stepping ~*~*~tactically~*~*~ (hiding).
 15623 | D:12     | Noticed Frances
 15624 | D:12     | 15624 ||| Stepping ~*~*~tactically~*~*~ (hiding).
 15627 | D:12     | 15627 ||| INVOKING Heroism.
 15641 | D:12     | Killed Frances
 15718 | D:12     | Noticed Gastronok
 15719 | D:12     | 15719 ||| Stepping ~*~*~tactically~*~*~ (hiding).
 15736 | D:12     | Killed Gastronok
 15737 | D:12     | Reached skill level 15 in Axes
 15768 | D:12     | 15768 ||| Stepping ~*~*~tactically~*~*~ (stealth).
 15774 | D:12     | 15774 ||| INVOKING Heroism.
 15775 | D:12     | 15775 ||| READING 5 scrolls of teleportation.
 15889 | D:12     | 15889 ||| INVOKING Heroism.
 15918 | D:12     | 15918 ||| Stepping ~*~*~tactically~*~*~ (hiding).
 16071 | D:12     | 16071 ||| INVOKING Heroism.
 16141 | D:12     | 16141 ||| Stepping ~*~*~tactically~*~*~ (hiding).
 16142 | D:12     | 16142 ||| Stepping ~*~*~tactically~*~*~ (hiding).
 16143 | D:12     | 16143 ||| Stepping ~*~*~tactically~*~*~ (hiding).
 16275 | D:12     | 16275 ||| Stepping ~*~*~tactically~*~*~ (hiding).
 16289 | D:12     | 16289 ||| INVOKING Heroism.
 16594 | D:12     | Noticed Kirke
 16595 | D:12     | 16595 ||| INVOKING Heroism.
 16603 | D:12     | 16603 ||| DRINKING potion of cancellation.
 16616 | D:12     | HP: 18/90 [yak (14)]
 16617 | D:12     | 16617 ||| READING 4 scrolls of teleportation.
 16617 | D:12     | HP: 3/90 [something (15)]
 16617 | D:12     | Mangled by a hog

Levels and vault maps discovered:
D:1:      wander_arrival_estate, layout_loops_ring
D:2:      layout_basic, serial_shops, nicolae_shop_pleasant_corner_grove,
          basic_altar, minmay_hexomino_c4
D:3:      layout_basic, grunt_ministairs_15, guppyfry_early_lair_pool
D:4:      layout_rooms, lemuel_mausoleum_altar_kikubaaqudgha, serial_shops,
          nicolae_shop_tiny_statue_garden, uniq_robin
D:5:      layout_cave_pools, mainiacjoe_overflow_large_starburst
D:6:      minmay_klotski, layout_rooms, minmay_temple_entry_nine_rooms,
          serial_shops, shop, nrook_loot_triangle, chequers_jeans,
          minmay_a_box_with_orc_wizards_in_it, uniq_sigmund, uniq_pikel,
          uniq_grinder, uniq_crazy_yiuf_cottage
D:7:      layout_rooms, uniq_menkaure
D:8:      wander_river, layout_loops_ring, enter_bailey_5, minivault_10,
          uniq_joseph
D:9:      layout_loops_cross, gammafunk_temple_overflow_elements,
          kennysheep_orc_monster_closet_entryway, uniq_erolcha, uniq_harold
D:10:     layout_loops_ring, grunt_temple_overflow_order_and_chaos_2, tso_altar,
          kennysheep_generic_room_14
D:11:     layout_roguey, lair_entry_dummy
D:12:     layout_basic, grunt_ministairs_12, uniq_frances, uniq_kirke,
          uniq_gastronok
Temple:   eino_narrow_crystal_temple
Lair:1:   layout_regular_city
Lair:2:   layout_hall_layers, palyth_hydra_swamp_entry,
          minmay_snake_entry_guardpost_small
Lair:3:   layout_cave_pods, infiniplex_staircase_pool_2, lemuel_fruit_tree,
          uniq_josephine
Lair:4:   layout_cave_shapes, slime_entry_1, ldierk_geyser
Lair:5:   guppyfry_lair_end_dragon, layout_regular_city, grunt_megastairs_1

Skill      XL: |  1  2  3  4  5  6  7  8  9 10 11 12 13 14 |
---------------+-------------------------------------------+-----
Axes           | 2 3 4 5 6 7 8 10 11 12 14 15 | 15.1
Shields        | 4 5 6 8 9 10 11 12 | 12.0
Throwing       | 1 2 3 4 5 |  5.0
Dodging        | 1 3 |  3.1
Fighting       | 4 5 6 8 9 10 11 | 11.3
Armour         | 4 5 7 8 9 10 | 10.0
Invocations    | 4 7 10 | 10.0

Action                     |  1- 3 |  4- 6 |  7- 9 | 10-12 | 13-15 || total
---------------------------+-------+-------+-------+-------+-------++-------
  Melee: War axe           |    99 |    92 |   303 |   280 |       ||   774
         Broad axe         |       |       |       |   209 |   487 ||   696
         Eveningstar       |       |       |       |       |    21 ||    21
         Unarmed           |       |       |       |       |     7 ||     7
  Throw: Javelin           |       |     3 |    41 |   112 |   179 ||   335
         Boomerang         |       |       |       |    31 |    13 ||    44
 Invoke: Heroism           |       |       |     1 |    23 |    23 ||    47
         Finesse           |       |       |       |       |     2 ||     2
    Use: Scroll            |       |     8 |    10 |    13 |     5 ||    36
         Potion            |       |       |       |       |     3 ||     3
   Stab: Invisible         |       |       |     2 |     9 |     5 ||    16
 Armour: Scale mail        |    19 |    37 |    99 |       |       ||   155
         Chain mail        |    37 |     9 |    26 |    85 |       ||   157
         Plate armour      |       |       |       |   116 |   187 ||   303
  Dodge: Dodged            |    42 |    47 |   145 |   275 |   193 ||   702
  Block: Buckler           |    24 |     4 |       |       |       ||    28
         Kite shield       |       |    32 |   123 |   271 |   247 ||   673

Table legend:
 A = Non-vault XP
 B = Vault XP
 C = Vault XP percentage of total XP
 D = Non-vault monster count
 E = Vault monster count
 F = Vault count percentage of total count
                 A         B        C        D         E       F
            +---------+---------+-------+---------+---------+-------
      Total |   58725 |   23719 |  28.8 |     343 |     122 |  26.2
            +---------+---------+-------+---------+---------+-------
        D:1 |      24 |       0 |   0.0 |      12 |       0 |   0.0
        D:2 |      67 |      19 |  22.1 |      18 |       5 |  21.7
        D:3 |       7 |       3 |  30.0 |       4 |       2 |  33.3
        D:4 |     242 |     574 |  70.3 |      17 |      23 |  57.5
        D:5 |     615 |       0 |   0.0 |      19 |       0 |   0.0
        D:6 |     559 |    4502 |  89.0 |      19 |      25 |  56.8
        D:7 |     623 |     169 |  21.3 |      11 |       1 |   8.3
        D:8 |    1654 |     483 |  22.6 |      20 |       5 |  20.0
        D:9 |    2084 |    3742 |  64.2 |      19 |      22 |  53.7
       D:10 |    1267 |     324 |  20.4 |      25 |       2 |   7.4
       D:11 |    8238 |       0 |   0.0 |      23 |       0 |   0.0
       D:12 |    4241 |    3434 |  44.7 |      14 |       4 |  22.2
     Lair:1 |    6441 |       0 |   0.0 |      34 |       0 |   0.0
     Lair:2 |    3310 |    2838 |  46.2 |      16 |       9 |  36.0
     Lair:3 |   10559 |    1956 |  15.6 |      35 |       6 |  14.6
     Lair:4 |    8048 |       0 |   0.0 |      24 |       0 |   0.0
     Lair:5 |   10746 |    5675 |  34.6 |      33 |      18 |  35.3
            +---------+---------+-------+---------+---------+-------
